 Dungeon Crawl Stone Soup version 0.17.1-3-g152610e (webtiles) character file.

21 Locuples the Ducker (level 2, -1/14 HPs)
             Began as a Felid Monk on Mar 25, 2016.
             Slain by a ball python (2 damage)
             ... on level 2 of the Dungeon.
             The game lasted 00:02:53 (887 turns).

Locuples the Ducker (Felid Monk)                     Turns: 887, Time: 00:02:55

Health: -1/14      AC:  1    Str:  7    XL:     2   Next: 62%
Magic:  3/3        EV: 20    Int: 11    God:
Gold:   41         SH:  0    Dex: 18    Spells: 0 memorised, 1 level left
                                        Lives:  0   Deaths: 0

rFire  . . .     SeeInvis +       - Unarmed
rCold  . . .     Clarity  .     (armour unavailable)
rNeg   . . .     SustAt   .     (shield unavailable)
rPois  .         Gourm    .     (helmet unavailable)
rElec  .         Spirit   .     (cloak unavailable)
rCorr  .         Warding  .     (gloves unavailable)
rMut   .         Stasis   .     (boots unavailable)
MR     .....                    (no amulet)
Stlth  +++.......               (no ring)
                                (no ring)

@: quick, not resistant to hostile enchantments, fairly stealthy
A: no armour, no weapons or thrown items, claws 1, fangs 3, see invisible,
carnivore 3, speed 1, shaggy fur 1, slow metabolism 1, sharp paws
a: no special abilities


You were on level 2 of the Dungeon.
You were not hungry.

You visited 1 branch of the dungeon, and saw 2 of its levels.

You collected 41 gold pieces.

Inventory:

Scrolls
 c - a scroll of recharging {unknown}
 d - a scroll of remove curse {unknown}
 e - 2 scrolls of identify {unknown}
 f - a scroll of enchant armour {unknown}
 h - a scroll of fear {unknown}
 i - a scroll of immolation {unknown}
Potions
 j - a potion of degeneration {unknown}
Comestibles
 a - a meat ration
 b - a beef jerky
 g - a slice of pizza


   Skills:
 - Level 3.0 Fighting
 + Level 4.6 Dodging
 * Level 3.7 Stealth
 - Level 4.0 Unarmed Combat


You had one spell level left.
You didn't know any spells.

Dungeon Overview and Level Annotations

Branches:
Dungeon (2/15)

Altars:
Ru


Innate Abilities, Weirdness & Mutations

You cannot wear armour.
You are incapable of wielding weapons or throwing items.
You have sharp claws.
You have razor-sharp teeth.
You have supernaturally acute eyesight.
You are carnivorous and can eat meat at any time.
You cover ground quickly.
You are covered in fur (AC +1).
You have a slow metabolism.
Your sharp claws are effective at attacking unaware monsters.


Message History

The kobold throws a stone.
The stone misses you.
A giant newt comes into view.
Found a yellow potion and 5 gold pieces.
A ball python comes into view.
You scratch the kobold but do no damage.
You barely miss the kobold. Your bite misses the kobold. The kobold misses you.
You scratch the kobold.
You kill the kobold!
The giant gecko completely misses you. The giant gecko bites you.
Found a bubbling black potion.
You closely miss the ball python. The giant gecko bites you.
The ball python misses you. The ball python barely misses you.
You scratch the ball python.
The ball python is moderately wounded.
The giant gecko bites you.
* * * LOW HITPOINT WARNING * * *
The giant newt bites you but does no damage.
The ball python bites you.
You die...

#.... #.#...#.#.#
............ ...._......
......$....# #.#...#.#.#
...........# #.##.##.#.#
........... #.......#.#
..........##.####.####.#
..........##...........#
......lS..#######.######
.......@l.........#####
......................#
!.....................#
.!......##............#
......................#
...........$(.........#
.............(........+
......................#
.................#####


You could see a giant gecko, a ball python and a giant newt.

Vanquished Creatures
  A worm (D:2)
  2 bats
  A giant cockroach (D:1)
  A hobgoblin (D:1)
  A ball python (D:2)
  A giant newt (D:1)
  5 goblins
  4 kobolds
16 creatures vanquished.

Notes
Turn   | Place    | Note
--------------------------------------------------------------
     0 | D:1      | Locuples the Felid Monk began the quest for the Orb.
     0 | D:1      | Reached XP level 1. HP: 10/10 MP: 2/2
   475 | D:1      | Reached XP level 2. HP: 7/14 MP: 3/3
   848 | D:2      | Found a sacrificial altar of Ru.
   887 | D:2      | Slain by a ball python

Action                   || total
-------------------------++-------
Melee: Unarmed           ||    40
 Stab: Sleeping          ||     6
       Distracted        ||     1
